 Dungeon Crawl Stone Soup version 0.17.0-28-g6e173f8 (webtiles) character file.

113 lucasterio the Ruffian (level 4, -7/35 HPs)
             Began as a Draconian Transmuter on Dec 1, 2015.
             Mangled by DEFE's ghost (9 damage)
             ... on level 3 of the Dungeon.
             The game lasted 00:04:55 (2188 turns).

lucasterio the Ruffian (Draconian Transmuter)       Turns: 2188, Time: 00:04:55

Health: -7/35      AC:  5    Str: 13    XL:     4   Next: 65%
Magic:  7/7        EV: 13    Int: 13    God:
Gold:   115        SH:  0    Dex: 12    Spells: 1 memorised, 6 levels left

rFire  . . .     SeeInvis .       - Unarmed
rCold  . . .     Clarity  .     (armour unavailable)
rNeg   . . .     SustAt   .     (no shield)
rPois  .         Gourm    .     (helmet restricted)
rElec  .         Spirit   .     (no cloak)
rCorr  .         Warding  .     (no gloves)
rMut   .         Stasis   .     (boots currently unavailable)
MR     .....                    (no amulet)
Stlth  +.........               (no ring)
                                (no ring)

@: appendage (expiring), not resistant to hostile enchantments, very unstealthy
A: unfitting armour, talons 3, cold-blooded, AC +5
a: End Transformation


You were on level 3 of the Dungeon.
You were not hungry.
You had grown temporary talons.
You visited 1 branch of the dungeon, and saw 3 of its levels.

You collected 115 gold pieces.

Inventory:

Missiles
 a - 12 arrows
 p - 7 javelins (quivered)
Armour
 n - a +0 buckler
Jewellery
 j - a cursed -2 ring of protection {unknown}
 l - a +5 ring of dexterity {unknown}
Scrolls
 e - a scroll of magic mapping {unknown}
 h - 2 scrolls of noise {unknown}
 k - a scroll of remove curse {unknown}
 o - a scroll of recharging {unknown}
 r - a scroll of identify {unknown}
Potions
 f - a potion of curing {unknown}
 i - 2 potions of brilliance {unknown}
 q - a potion of might
Books
 b - a book of Changes

   Spells                             Type                      Level
   a - Beastly Appendage              Transmutation                1
   b - Sticks to Snakes               Transmutation                2
   c - Spider Form                    Transmutation/Poison         3
   d - Ice Form                       Ice/Transmutation            4
   e - Blade Hands                    Transmutation                5
Comestibles
 c - 3 bread rations
 d - a beef jerky
 g - a meat ration
 s - 5 fruits


   Skills:
 - Level 1.1 Fighting
 + Level 3.1 Dodging
 + Level 3.8 Unarmed Combat
 - Level 2.0 Spellcasting
 + Level 3.2 Transmutations


You had 6 spell levels left.
You knew the following spells:

 Your Spells              Type           Power        Failure   Level  Hunger
a - Beastly Appendage     Trmt           #.....       10%         1    ##.....


Dungeon Overview and Level Annotations

Branches:
Dungeon (3/15)

Altars:
Ashenzari
Ru

Annotations:
D:3 DEFE's ghost, weakling SpFi


Innate Abilities, Weirdness & Mutations

Your plain brown scales are hard (AC +5).
Your body does not fit into most forms of armour.
You are cold-blooded and may be slowed by cold attacks.
You have claws for feet.


Message History

DEFE's ghost hits you!
* * * LOW HITPOINT WARNING * * *
You hit DEFE's ghost.
You claw DEFE's ghost, but do no damage.
Your tail-slap misses DEFE's ghost.
DEFE's ghost is severely damaged.
DEFE's ghost closely misses you.
You hit DEFE's ghost. Your kick misses DEFE's ghost.
DEFE's ghost is severely damaged.
DEFE's ghost closely misses you.
You hit DEFE's ghost.
DEFE's ghost is almost destroyed.
DEFE's ghost closely misses you.
You miss DEFE's ghost.
DEFE's ghost is almost destroyed.
DEFE's ghost misses you.
You barely miss DEFE's ghost. Your kick misses DEFE's ghost.
DEFE's ghost is almost destroyed.
DEFE's ghost hits you!
You die...

.≈≈≈.......≈
........... .
............
#####...........
.............##
....g.. .....
########.#W##....##
...$(..((@.(.^.....
########)#.##......
#(#.# ###..
######.#.#
+........##+##
##.###.#.....#
.#......#.....#
..<.....'.....#
#.......##....#


You could see DEFE's ghost and a hobgoblin.

Vanquished Creatures
  Robin (D:2)
  4 adders
  A worm (D:2)
  A giant gecko (D:2)
  An orc (D:3)
  2 giant cockroaches
  5 hobgoblins
  10 kobolds
  A ball python (D:1)
  7 bats
  2 giant newts
  18 goblins
  6 rats
59 creatures vanquished.

Notes
Turn   | Place    | Note
--------------------------------------------------------------
     0 | D:1      | lucasterio the Draconian Transmuter began the quest for the Orb.
     0 | D:1      | Reached XP level 1. HP: 16/16 MP: 3/3
   301 | D:1      | Reached XP level 2. HP: 21/23 MP: 5/5
  1021 | D:2      | Reached XP level 3. HP: 13/28 MP: 4/6
  1528 | D:2      | Found a sacrificial altar of Ru.
  1534 | D:2      | Noticed Robin
  1560 | D:2      | Reached XP level 4. HP: 27/35 MP: 7/7
  1568 | D:2      | Killed Robin
  1749 | D:2      | Found a shattered altar of Ashenzari.
  1957 | D:3      | Noticed DEFE's ghost (weakling SpFi)
  2174 | D:3      | Noticed a big kobold
  2188 | D:3      | Mangled by DEFE's ghost

Action                   |  1- 3 |  4- 6 || total
-------------------------+-------+-------++-------
Melee: Unarmed           |   162 |    85 ||   247
 Cast: Beastly Appendage |     2 |     2 ||     4
 Stab: Sleeping          |       |     1 ||     1
  Eat: Chunk             |     2 |     2 ||     4
